 Seeded DCSS version 0.30.0-13-g156ef70053 (webtiles) character file.

Game seed: 9209234192005137530 (custom seed)

107 GigaChad the Shield-Bearer (level 5, -1/42 HPs)
             Began as a Formicid Fighter on May 17, 2023.
             Frozen to death by an endoplasm (3 damage)
             ... on level 3 of the Dungeon.
             The game lasted 00:02:39 (1716 turns).

GigaChad the Shield-Bearer (Formicid Fighter)       Turns: 1716, Time: 00:02:40

Health: -1/42      AC: 11    Str: 22    XL:     5   Next: 11%
Magic:  5/5        EV:  6    Int:  8    God:
Gold:   121        SH:  5    Dex: 13    Spells: 4/4 levels left

rFire   . . .        g - +5 triple sword (heavy)
rCold   . . .        c - +0 buckler
rNeg    . . .        e - +0 plate armour
rPois   .            (helmet unavailable)
rElec   .            (no cloak)
rCorr   .            (no gloves)
SInv    +            (no boots)
Will    .....        (no amulet) Stlth
                     (no ring)
HPRegen 0.27/turn    (no ring)
MPRegen 0.09/turn

%: no passive effects
@: no status effects
A: permanent stasis, dig shafts and tunnels, antennae 3, four strong arms
a: Dig, Shaft Self


You were on level 3 of the Dungeon.
You visited 1 branch of the dungeon, and saw 3 of its levels.

You collected 121 gold pieces.

Inventory:

Hand Weapons
 a - a +0 war axe of electrocution
 g - a +5 heavy triple sword (weapon)
Missiles
 p - a throwing net
Armour
 b - a +0 scale mail
 c - a +0 buckler (worn)
 e - a +0 plate armour (worn)
Scrolls
 f - a scroll of identify {unknown}
 i - 2 scrolls of fog {unknown}
 m - a scroll of poison {unknown}
 n - a scroll of teleportation {unknown}
 q - a scroll of summoning {unknown}
Potions
 d - a potion of might
 h - a potion of lignification {unknown}
 j - 2 potions of brilliance {unknown}
 k - 2 potions of degeneration {unknown}
 l - 2 potions of curing {unknown}
 o - a potion of cancellation {unknown}


   Skills:
 * Level 3.9 Fighting
 * Level 2.0 Long Blades
 + Level 2.6 Axes
 * Level 3.9 Armour
 * Level 4.7 Shields


You had 4 spell levels left.
You didn't know any spells.
Your spell library was empty.

Dungeon Overview and Level Annotations

Branches:
Dungeon (3/15)

Altars:

Annotations:
D:3 2 transporters


Innate Abilities, Weirdness & Mutations

You cannot be hasted, slowed, berserked, paralysed or teleported.
You can dig through walls and to a lower floor.
You have a pair of large antennae on your head. (SInv)
Your four strong arms can wield two-handed weapons with a shield.


Message History

You are too injured to fight recklessly!
Unknown command.
You slash the kobold!
You kill the kobold!
The bat hits you. The bat hits you but does no damage.
The endoplasm freezes you.
You are frozen.
* * * LOW HITPOINT WARNING * * *
The orc hits you but does no damage. You block the endoplasm's attack.
You block the orc's attack. The bat hits you but does no damage.
You completely miss the bat. The bat barely misses you.
The bat hits you but does no damage. The endoplasm freezes you.
You are frozen.
* * * LOW HITPOINT WARNING * * *
You block the orc's attack. The orc hits you but does no damage.
The endoplasm barely misses you. The orc barely misses you.
The endoplasm hits you but does no damage.
The bat hits you but does no damage. You block the endoplasm's attack.
The orc hits you but does no damage.
There is an escape hatch in the ceiling here.
Things that are here:
a +0 dagger; a stone Unknown command.
You slice the orc!!
You kill the orc!
The bat hits you but does no damage.
A ball python comes into view.
The bat hits you but does no damage. The endoplasm freezes you.
You are frozen.
* * * LOW HITPOINT WARNING * * *
The endoplasm barely misses you. You block the endoplasm's attack.
The bat hits you but does no damage.
You miss the bat.
The ball python hisses angrily.
The bat hits you but does no damage. The bat closely misses you.
The endoplasm freezes you.
You are frozen.
You die...

.###..........# .#
#.####.##..# .###.#
#.# ....# # ##
.....# #.# #..##)
... ..#### #.. ....#
#.. ..# ####.
#..##.# ..# #.
##...# ..#
#.###....# ..#
#.#.J@S..# ..#
##.#.#.b##.# ..#
#.......# ..#
#..#..##.# ..#
#.....# #.. ..#
#.#.##.# ... .##
#...# #.. #.#
.##########...###..#
...
............#.....##
##


You could see an endoplasm, a bat and a ball python.

Vanquished Creatures
  4 adders
  7 dart slugs
  An orc (D:3)
  4 ball pythons
  4 endoplasms
  7 giant cockroaches
  4 goblins
  5 hobgoblins
  4 jackals (D:1)
  A quokka (D:3)
  2 bats
  5 frilled lizards
  3 kobolds
  4 rats
55 creatures vanquished.

Notes
Turn   | Place    | Note
-------+----------+-------------------------------------------
     0 | D:1      | GigaChad the Formicid Fighter began the quest for the Orb.
     0 | D:1      | Reached XP level 1. HP: 18/18 MP: 1/1
   185 | D:1      | Reached XP level 2. HP: 24/24 MP: 2/2
   309 | D:1      | Reached XP level 3. HP: 28/29 MP: 3/3
   646 | D:1      | Identified a scroll of acquirement
   646 | D:1      | Acquired a +5 heavy triple sword
  1021 | D:2      | Reached XP level 4. HP: 37/37 MP: 4/4
  1108 | D:2      | Reached skill level 1 in Long Blades
  1308 | D:2      | Identified the +0 leather armour of the Trilobite {rPois
                  | Slay+3}
  1432 | D:3      | Found a transporter.
  1497 | D:3      | Found a transporter.
  1710 | D:3      | Reached XP level 5. HP: 27/42 MP: 5/5
  1715 | D:3      | HP: 2/42 [frozen (3)]
  1716 | D:3      | Frozen to death by an endoplasm

Illustrated notes

Levels and vault maps discovered:
D:1:      dpeg_chamrin_arrival_tetris, layout_basic
D:2:      layout_basic, minmay_misc_feat_more_columns
D:3:      gammafunk_steamed_eel, layout_loops_ring,
          gammafunk_temple_overflow_statue, minmay_vboxes

Skill      XL: |  1  2  3  4 |
---------------+-------------+-----
Long Blades    | 2 |  2.0
Fighting       | |  3.9
Axes           | |  2.6
Armour         | |  3.9
Shields        | |  4.7

Action                     |  1- 3 |  4- 6 || total
---------------------------+-------+-------++-------
  Melee: War axe           |    49 |       ||    49
         Triple sword      |    15 |    33 ||    48
    Use: Scroll            |     3 |       ||     3
 Armour: Plate armour      |    46 |    60 ||   106
  Dodge: Dodged            |    23 |    20 ||    43
  Block: Buckler           |    17 |    15 ||    32
